 Dungeon Crawl Stone Soup version 0.30-a0-887-g5d03d06 (webtiles) character file.

Game seed: 13008821147949762564

566 Illumine the Caller (level 7, -6/50 HPs)
             Began as a Meteoran Summoner on Mar 17, 2023.
             Mangled by a troll (10 damage)
             ... on level 6 of the Dungeon.
             The game lasted 00:07:48 (1118 turns).

Illumine the Caller (Meteoran Summoner)             Turns: 1118, Time: 00:07:49

Health: -6/50      AC:  6    Str:  9    XL:     7   Next: 90%
Magic:  6/16       EV: 12    Int: 18    God:
Gold:   66         SH:  5    Dex: 16    Spells: 4/17 levels left

rFire   . . .      SeeInvis .    j - +0 short sword (venom)
rCold   . . .      Faith    .    (no shield)
rNeg    . . .      Spirit   .    a - +0 robe
rPois   .          Reflect  +    (no helmet)
rElec   .          Rampage  .    (no cloak)
rCorr   .                        (no gloves)
Will    .....                    (no boots)
Stlth   +                        k - amulet of reflection
HPRegen 0.28/turn                n - +4 ring of protection
MPRegen 0.15/turn                (no ring)

@: glowing
A: sense surroundings 1, otherworldly, glowing, explore regen
a: no special abilities


You were on level 6 of the Dungeon.
You visited 2 branches of the dungeon, and saw 7 of its levels.

You collected 66 gold pieces.

Inventory:

Hand Weapons
 j - a +0 short sword of venom (weapon)
Missiles
 r - a throwing net
Armour
 a - a +0 robe (worn)
 i - a +0 tower shield
Jewellery
 k - an amulet of reflection (around neck)
 n - a +4 ring of protection (left hand)
Scrolls
 l - a scroll of torment {unknown}
 o - a scroll of teleportation {unknown}
Potions
 b - a potion of magic
 d - a potion of might {unknown}
 e - a potion of heal wounds {unknown}
 f - a potion of haste {unknown}
 g - 2 potions of cancellation
 m - a potion of lignification {unknown}
 p - a potion of brilliance


   Skills:
 - Level 2.4 Dodging
 - Level 1.4 Stealth
 + Level 5.5 Spellcasting
 - Level 4.0 Hexes
 + Level 7.0 Summonings
 * Level 3.6 Air Magic


You had 4 spell levels left.
You knew the following spells:

 Your Spells              Type           Power      Damage    Failure   Level
a - Summon Small Mammal   Summ           100%       N/A       1%          1
b - Call Imp              Summ           30%        N/A       1%          2
c - Call Canine Familiar  Summ           30%        N/A       2%          3
d - Summon Guardian Gole  Hex/Summ       24%        N/A       4%          3
e - Summon Lightning Spi  Summ/Air       24%        N/A       14%         4

Your spell library contained the following spells:

 Spells                   Type           Power      Damage    Failure   Level


Dungeon Overview and Level Annotations

Branches:
Dungeon (6/15) Zot: 2554   Temple (1/1) D:4 Zot: 527

Altars:
Cheibriados
Dithmenos
Fedhas
Kikubaaqudgha
Okawaru
Qazlal
Trog
Vehumet
Wu Jian
Xom

Shops:
D:4 *


Innate Abilities, Weirdness & Mutations

You passively map a small area around you.
You are easily found by Zot.
You glow in the dark.
You regain HP and MP as you explore.


Message History

A guardian golem appears, shielding your allies.
Casting: Summon Guardian Golem (dangerous; 4% risk of failure)
Confirm with . or Enter, or press ? or * to list all spells.
The spell is quite dangerous to miscast (14% risk of failure)!
Continue anyway?
An electric hum fills the air.
The troll attacks as you move away! The troll bites you. The troll claws you!
You block the troll's attack. The troll bites your guardian golem.
The troll claws your guardian golem but does no damage.
The troll claws your guardian golem.
Your lightning spire shoots out a bolt of lightning at the troll!
The bolt of electricity hits the troll!
The troll barely misses your lightning spire.
The troll claws your lightning spire! x2
Your guardian golem overheats!
The troll bites your lightning spire!
Your lightning spire is destroyed!
Your lightning spire disappears in a puff of smoke!
Flame seeps out of your guardian golem.
Your guardian golem is engulfed in blazing flames.
Flame seeps out of your guardian golem.
Your guardian golem is engulfed in blazing flames.
Flame seeps out of your guardian golem.
Casting: Summon Lightning Spire (quite dangerous; 14% risk of failure)
Confirm with . or Enter, or press ? or * to list all spells.
Your guardian golem is engulfed in blazing flames.
Flame seeps out of your guardian golem. The troll barely misses you.
The troll claws you but does no damage. The troll claws you.
Your hound barely misses the troll.
The troll bites you but does no damage. The troll claws you.
The troll claws you!
Your hound bites the troll.
The troll barely misses you. x3
Your hound bites the troll.
Your magical contamination has completely faded away.
Your hound bites the troll.
Your hound misses the troll.
Your hound bites the troll.
Your hound bites the troll.
The troll bites you!
* * * LOW HITPOINT WARNING * * *
The troll claws you.
* * * LOW HITPOINT WARNING * * *
The troll claws you!
You die...

, , * * ** *,
* ,, , ,,, ,
#### ,+, ,
#.<###+# ,,
#..##..##+###
*
#.9hT.......#
,,
#...@.......#
#......:....#
#############
,


You could see a troll (ally target), a friendly guardian golem (summoned, inner
flame) and a friendly hound (summoned, sheltered).

Vanquished Creatures
  2 hounds
  An orc wizard (D:4)
  A gnoll (D:5)
  3 orcs
  A bat (D:2)
  An endoplasm (D:4)
  A goblin (D:3)
  A hobgoblin (D:4)
  2 quokkas
  A rat (D:2)
14 creatures vanquished.

Vanquished Creatures (collateral kills)
  2 phantoms
  A scorpion (D:5)
  An orc priest (D:3)
  A gnoll bouda (D:5)
  A hound (D:4)
  An orc wizard (D:5)
  3 gnolls (D:5)
  4 adders
  An ufetubus (D:4)
  2 worms
  A dart slug (D:3)
  7 orcs
  3 bats
  3 endoplasms
  A goblin (D:4)
  A hobgoblin (D:4)
  2 ball pythons
  A frilled lizard (D:2)
  2 kobolds
  2 rats (D:2)
40 creatures vanquished.

Vanquished Creatures (others)
  An iguana (D:4)
1 creature vanquished.

Grand Total: 55 creatures vanquished

Notes
Turn   | Place    | Note
-------+----------+-------------------------------------------
     0 | D:1      | Illumine the Meteoran Summoner began the quest for the Orb.
     0 | D:1      | Reached XP level 1. HP: 14/14 MP: 5/5
     7 | D:1      | You fall into a shaft and drop 1 floor!
   124 | D:2      | Reached skill level 5 in Summonings
   124 | D:2      | Reached XP level 2. HP: 20/20 MP: 7/7
   127 | D:2      | Learned a level 2 spell: Call Imp
   253 | D:2      | Reached XP level 3. HP: 18/26 MP: 2/9
   257 | D:2      | Learned a level 3 spell: Call Canine Familiar
   336 | D:3      | Learned a level 3 spell: Summon Guardian Golem
   351 | D:3      | Reached XP level 4. HP: 33/33 MP: 8/11
   429 | D:4      | Reached skill level 6 in Summonings
   429 | D:4      | Reached XP level 5. HP: 38/38 MP: 6/12
   460 | D:4      | Reached skill level 1 in Hexes
   597 | D:4      | Reached XP level 6. HP: 36/45 MP: 5/14
   603 | D:4      | Learned a level 4 spell: Summon Lightning Spire
   784 | D:4      | Found Osisoij's Overcharged Wands.
   808 | D:4      | Found a staircase to the Ecumenical Temple.
   818 | Temple   | Entered the Ecumenical Temple
   931 | D:4      | Reached skill level 5 in Spellcasting
   931 | D:4      | Reached skill level 1 in Air Magic
   935 | D:5      | Entered Level 5 of the Dungeon
   958 | D:5      | Reached XP level 7. HP: 35/50 MP: 8/15
  1063 | D:5      | Reached skill level 7 in Summonings
  1105 | D:6      | Noticed a troll
  1118 | D:6      | Mangled by a troll

Illustrated notes

Levels and vault maps discovered:
D:1:      shiori_arrival_elements, layout_loops_ring,
          ebering_ecumenical_altar_hall, hex_medium
D:2:      layout_basic, uniq_terence
D:3:      minmay_inner_zag, layout_basic, led_sif_pool, nicolae_uskayaw_suspiria
D:4:      minmay_chambers_of_fours, layout_loops_ring,
          nicolae_hepliaklqana_monster_ancestors,
          minmay_temple_entry_statues_fountains, nicolae_shop_overcharged_wands,
          uniq_grinder
D:5:      layout_loops_ring, kennysheep_little_box, lemuel_crystal_altar,
          mainiacjoe_overflow_surrounded_room, lightli_sewer_entry_pipes,
          serial_shops, shop
D:6:      lemuel_castle_with_subvaults [lemuel_castle_interior_carwin_3],
          layout_gridville, tso_metal_star
Temple:   eino_temple_lava

Skill      XL: |  1  2  3  4  5  6  7 |
---------------+----------------------+-----
Spellcasting   | 3 4 5 |  5.5
Summonings     | 5 6 7 |  7.0
Hexes          | 2 3 4 |  4.0
Air Magic      | 2 3 |  3.6
Dodging        | |  2.4
Stealth        | |  1.4

Action                     |  1- 3 |  4- 6 |  7- 9 || total
---------------------------+-------+-------+-------++-------
  Melee: Unarmed           |     5 |       |       ||     5
         Short sword       |    27 |    35 |     8 ||    70
   Cast: Summon Small Mamm |    11 |     9 |       ||    20
         Call Imp          |     5 |     6 |     1 ||    12
         Call Canine Famil |     1 |     7 |     2 ||    10
         Summon Guardian G |       |     1 |     2 ||     3
         Summon Lightning  |       |       |     2 ||     2
    Use: Scroll            |       |       |     4 ||     4
   Stab: Distracted        |     1 |       |       ||     1
         Sleeping          |       |     2 |       ||     2
 Armour: Robe              |    18 |    13 |     4 ||    35
  Dodge: Dodged            |    35 |    22 |     8 ||    65
  Block: Other             |       |     7 |     4 ||    11

Table legend: (Time is in decaauts)
 A = Elapsed time spent in this place.
 B = Non-inter-level travel time spent in this place.
 C = Inter-level travel time spent in this place.
 D = Time resting spent in this place.
 E = Time spent auto-exploring this place.
 F = Levels seen in this place.
 G = Mean time per level.
                   A        B        C        D        E       F      G
               +--------+--------+--------+--------+--------+-----+--------+
         Total |   1116 |   1090 |     26 |      0 |    307 |   7 |  159.4 |
       Dungeon |   1044 |   1024 |     20 |      0 |    247 |   6 |  174.0 |
        Temple |     72 |     66 |      6 |      0 |     60 |   1 |   72.0 |
               +--------+--------+--------+--------+--------+-----+--------+

Top non-repeatable levels by time:
     D:4: 450 daAuts
     D:2: 260 daAuts
     D:5: 168 daAuts
     D:3: 143 daAuts
  Temple: 72 daAuts
     D:6: 13 daAuts
     D:1: 7 daAuts
